 Dungeon Crawl Stone Soup version 0.30-a0-121-gb27577e5d9 (webtiles) character file.

Game seed: 16522144389508710933

618 lorenzova the Magician (level 7, -9/36 HPs)
             Began as a Deep Elf Conjurer on Sept 14, 2022.
             Was an Initiate of Vehumet.
             Mangled by an ogre
             ... wielding a +0 giant club
              (25 damage)
             ... on level 5 of the Dungeon.
             The game lasted 00:09:45 (4991 turns).

lorenzova the Magician (Deep Elf Conjurer)          Turns: 4991, Time: 00:09:46

Health: -9/36      AC:  7    Str:  4    XL:     7   Next: 21%
Magic:  15/20      EV: 12    Int: 25    God:    Vehumet [......]
Gold:   254        SH:  0    Dex: 13    Spells: 18/21 levels left

rFire   . . .      SeeInvis .    h - +0 dagger (flame)
rCold   . . .      Faith    .    (no shield)
rNeg    . . .      Spirit   .    a - +0 robe
rPois   .          Reflect  .    (no helmet)
rElec   .          Harm     .    o - +2 cloak
rCorr   .          Rampage  .    (no gloves)
Will    .....                    k - +1 pair of boots
Stlth   ++........               (no amulet)
HPRegen 0.12/turn                (no ring)
MPRegen 0.17/turn                (no ring)

@: no status effects
A: no striking features
a: Renounce Religion


You were on level 5 of the Dungeon.
You worshipped Vehumet.
Vehumet was noncommittal.
You visited 2 branches of the dungeon, and saw 6 of its levels.

You collected 254 gold pieces.

Inventory:

Hand Weapons
 h - a +0 dagger of flaming (weapon)
Armour
 a - a +0 robe (worn)
 k - a +1 pair of boots (worn)
 o - a +2 cloak (worn)
Jewellery
 q - an amulet of guardian spirit
Wands
 l - a wand of polymorph (8)
 s - a wand of paralysis (14)
Scrolls
 c - a scroll of poison {unknown}
 e - 5 scrolls of identify {unknown}
 f - 2 scrolls of teleportation {unknown}
 j - a scroll of enchant armour {unknown}
 m - 3 scrolls of blinking {unknown}
 r - 2 scrolls of amnesia {unknown}
 t - a scroll of acquirement {unknown}
Potions
 b - 3 potions of magic
 d - a potion of heal wounds {unknown}
 g - 3 potions of curing {unknown}
 i - 5 potions of might {unknown}
 n - a potion of brilliance {unknown}
 p - 2 potions of mutation {unknown}


   Skills:
 - Level 2.4 Dodging
 - Level 2.4 Stealth
 + Level 7.8 Spellcasting
 + Level 7.5 Conjurations


You had 18 spell levels left.
You knew the following spells:

 Your Spells              Type           Power      Damage    Failure   Level
a - Magic Dart            Conj           100%       1d8       1%          1
b - Searing Ray           Conj           94%        2d7       1%          2

Your spell library contained the following spells:

 Spells                   Type           Power      Damage    Failure   Level
 Dazzling Flash           Conj/Hex       56%        N/A       4%          3
 Freeze                   Ice            36%        1d6       6%          1
 Fulminant Prism          Conj/Hex       14%        3d9       13%         4
 Hailstorm                Conj/Ice       28%        3d8       13%         4
 Iskenderun's Mystic Bla  Conj/Tloc      28%        2d7       13%         4
 Frozen Ramparts          Ice            18%        1d3       19%         3
 Cause Fear               Hex            4%         N/A       52%         4
 Dragon Form              Tmut           4%         N/A       100%        7
 Dragon's Call            Summ           4%         N/A       100%        9


Dungeon Overview and Level Annotations

Branches:
Dungeon (5/15)             Temple (1/1) D:4

Altars:
Kikubaaqudgha
Makhleb
Vehumet

Annotations:
D:5 Edmund


Message History

Magic restored.
You see here a scorpion corpse.
m - 3 scrolls labelled BIBUTW ZIQUY (gained 2)
You now have 254 gold pieces (gained 15).
t - a scroll labelled EGEALIDOSH You open the door.
Found a scale mail and 15 gold pieces.
There is an open door here.
There is an open door here.
You close the door.
You see here a scorpion corpse.
There is an open door here.
r - 2 scrolls labelled YBRIC ZIFAKHLY (gained 1)
There is an open door here.
You see here a hound corpse.
An ogre comes into view. It is wielding a +0 giant club.
The ogre shouts!
An acid dragon comes into view.
Okay, then.
Casting: Searing Ray (safe; 1% risk of failure)
Confirm with . or Enter, or press ? or * to list all spells.
Aiming: Searing Ray (safe; 1% risk of failure)
Press: ? - help, Shift-Dir - straight line, f - ogre
Aim: an ogre, wielding a +0 giant club (91% to hit)
The searing ray hits the ogre!
The ogre is moderately wounded. (Press . to maintain the ray.) Unknown command.
An ogre is nearby!
The searing ray hits the ogre.
The ogre is heavily wounded.
The ogre hits you with a +0 giant club!!
Ouch! That really hurt!
The searing ray misses the ogre.
The searing ray hits the ogre.
The ogre is severely wounded.
You finish channelling your searing ray.
The ogre hits you with a +0 giant club!!
Ouch! That really hurt!
You die...

.. .# #######.##...~~≈≈
##.###.##.# #.##..~≈~≈≈
.....)<...#############.##..~≈≈≈≈
#.#####################.##..~~≈≈P
#.#)??$$.§§§§§§○○○.○○○#.##..~~≈≈~
#D###################.#.#.<..~≈≈~
#.#.......○○○.§§§§§§§.#..#..~~≈≈.
#.##+##################..#..~~≈~.
#..............O@......#[#..~~≈~~
#####.#############.....@.....≈~P
#.####################...~~~~
#.##.........##..$.......@~~P
#.##.........#..........~~~≈~
#.##.........#..........~~≈
#####†##.........#.........P~≈≈≈~
.....)(#.......[.#........~~~≈≈≈.
.......#.........#..[......≈~≈≈≈.


You could see an ogre.

Vanquished Creatures
  2 ogres
  2 scorpions (D:5)
  A hound (D:5)
  An orc priest (D:4)
  An iguana (D:4)
  Robin (D:2)
  8 gnolls
  4 adders
  A worm (D:3)
  7 dart slugs
  8 orcs
  4 endoplasms
  2 giant cockroaches
  17 goblins
  9 hobgoblins
  3 jackals (D:1)
  8 kobolds
  7 quokkas
  8 ball pythons
  A bat (D:1)
  2 frilled lizards
  7 rats
104 creatures vanquished.

Vanquished Creatures (others)
  4 plants
  4 toadstools (D:1)
8 creatures vanquished.

Grand Total: 112 creatures vanquished

Notes
Turn   | Place    | Note
-------+----------+-------------------------------------------
     0 | D:1      | lorenzova the Deep Elf Conjurer began the quest for the
                  | Orb.
     0 | D:1      | Reached XP level 1. HP: 10/10 MP: 6/6
   201 | D:1      | Reached XP level 2. HP: 15/15 MP: 5/8
   230 | D:1      | Learned a level 2 spell: Searing Ray
   991 | D:1      | Reached skill level 5 in Conjurations
  1034 | D:1      | Reached XP level 3. HP: 19/19 MP: 6/10
  1348 | D:2      | Reached XP level 4. HP: 24/24 MP: 1/12
  1771 | D:2      | Reached skill level 5 in Spellcasting
  2170 | D:2      | Noticed Robin
  2190 | D:2      | Killed Robin
  2821 | D:3      | Found a faded altar of an unknown god.
  2829 | D:3      | Reached XP level 5. HP: 28/28 MP: 7/14
  3092 | D:3      | You fall into a shaft and drop 2 floors!
  3092 | D:5      | Entered Level 5 of the Dungeon
  3834 | D:4      | Found a staircase to the Ecumenical Temple.
  3884 | Temple   | Entered the Ecumenical Temple
  3957 | Temple   | Became a worshipper of Vehumet
  4149 | D:4      | Noticed an ogre
  4159 | D:4      | Killed an ogre
  4160 | D:4      | Reached XP level 6. HP: 32/32 MP: 9/17
  4683 | D:5      | Noticed Edmund
  4783 | D:5      | Reached XP level 7. HP: 36/36 MP: 11/19
  4991 | D:5      | Mangled by an ogre

Illustrated notes

Levels and vault maps discovered:
D:1:      ldierk_walled_garden_2, layout_rooms, st_stairs_14
D:2:      layout_basic, uniq_robin
D:3:      layout_basic, hellmonk_ecumenical_altar_pennies_from_heaven
D:4:      layout_rooms, minmay_temple_entry_proselytizer,
          kennysheep_nondescript, minmay_fountain_box, grunt_ministairs_12
D:5:      lemuel_ice_spiral_2, layout_basic, chequers_big_river, uniq_edmund
Temple:   nicolae_temple_figure_eight

Skill      XL: |  1  2  3  4  5  6 |
---------------+-------------------+-----
Spellcasting   | 4 5 6 7 |  7.8
Conjurations   | 5 6 7 |  7.5
Dodging        | |  2.4
Stealth        | |  2.4

Action                   |  1- 3 |  4- 6 |  7- 9 || total
-------------------------+-------+-------+-------++-------
Melee: Unarmed           |     3 |       |       ||     3
       Dagger            |       |     2 |       ||     2
 Cast: Magic Dart        |    65 |   106 |     3 ||   174
       Searing Ray       |     2 |    16 |     3 ||    21
 Stab: Sleeping          |       |     2 |       ||     2
Armor: Robe              |     4 |     2 |       ||     6
Dodge: Dodged            |    14 |     4 |     1 ||    19

Table legend: (Time is in decaauts)
 A = Elapsed time spent in this place.
 B = Non-inter-level travel time spent in this place.
 C = Inter-level travel time spent in this place.
 D = Time resting spent in this place.
 E = Time spent auto-exploring this place.
 F = Levels seen in this place.
 G = Mean time per level.
                   A        B        C        D        E       F      G
               +--------+--------+--------+--------+--------+-----+--------+
         Total |   4996 |   4893 |    103 |   1966 |   2287 |   6 |  832.7 |
       Dungeon |   4908 |   4836 |     72 |   1966 |   2233 |   5 |  981.6 |
        Temple |     88 |     57 |     31 |      0 |     54 |   1 |   88.0 |
               +--------+--------+--------+--------+--------+-----+--------+

Top non-repeatable levels by time:
     D:2: 1491 daAuts
     D:1: 1131 daAuts
     D:4: 1064 daAuts
     D:3: 836 daAuts
     D:5: 384 daAuts
  Temple: 88 daAuts
